 Dungeon Crawl Stone Soup version 0.31-a0-986-g5e6e4ef867 (webtiles) character file.

Game seed: 4356057837779653333

10700 Dittersdorf the Fighter (level 11, -11/90 HPs)
             Began as a Human Fighter on Nov 7, 2023.
             Killed by vampiric draining
             ... invoked by a vampire
              (14 damage)
             ... on level 10 of the Dungeon.
             The game lasted 00:17:38 (12139 turns).

Dittersdorf the Fighter (Human Fighter)            Turns: 12139, Time: 00:17:39

Health: -11/90     AC: 24    Str: 31    XL:     11   Next: 97%
Magic:  11/11      EV: 13    Int:  8    God:
Gold:   597        SH: 11    Dex: 12    Spells: 10/10 levels left

rFire   . . .        A - +4 falchion
rCold   . . .        G - +0 kite shield
rNeg    . . .        m - +8 chain mail "Casisar" {Str+3}
rPois   .            o - +0 helmet
rElec   .            u - +0 cloak
rCorr   +            C - +1 pair of gloves
SInv    .            (no boots)
Will    .....        q - amulet "Gopyl" {Acrobat Regen+ rCorr} Stlth
                     l - +6 ring of strength
HPRegen 1.15/turn    y - +5 ring of evasion
MPRegen 0.12/turn

%: acrobat
@: no status effects
A: no striking features
a: no special abilities


You were on level 10 of the Dungeon.
You visited 2 branches of the dungeon, and saw 11 of its levels.
You also visited: Ossuary.

You collected 647 gold pieces.
You spent 50 gold pieces at shops.

Inventory:

Hand Weapons
 a - a +0 long sword
 A - a +4 falchion (weapon)
Missiles
 E - 3 throwing nets
Armour
 m - the +8 chain mail "Casisar" (worn) {Str+3}
   (You found it on level 8 of the Dungeon)

   Str+3:     It affects your strength (+3).
 o - a +0 helmet (worn)
 u - a +0 cloak (worn)
 C - a +1 pair of gloves (worn)
 G - a +0 kite shield (worn)
Jewellery
 l - a +6 ring of strength (left hand)
 q - the amulet "Gopyl" (around neck) {Acrobat Regen+ rCorr}
   (You acquired it on level 7 of the Dungeon)

   [amulet of the acrobat]

   Acrobat:   It increases your evasion while moving and waiting.
   Regen+:    It increases your rate of health regeneration.
   rCorr:     It protects you from acid and corrosion.
 r - a ring of resist corrosion
 t - a ring of magical power
 y - a +5 ring of evasion (right hand)
 L - the ring of Eluff {Fire Int+2 SInv}
   (You found it on level 7 of the Dungeon)

   [ring of fire]

   Fire:      It enhances your fire magic.
   Int+2:     It affects your intelligence (+2).
   rF+:       It protects you from fire.
   rC-:       It makes you vulnerable to cold.
   SInv:      It lets you see invisible.
Wands
 x - a wand of roots (30)
 H - a wand of flame (12) (quivered)
 K - a wand of light (13)
Scrolls
 f - 2 scrolls of enchant armour
 h - 3 scrolls of teleportation
 i - a scroll of enchant weapon
 j - 4 scrolls of noise
 p - a scroll of silence
 B - a scroll of fog
 D - a scroll of butterflies
Potions
 b - 2 potions of cancellation {unknown}
 c - 3 potions of brilliance {unknown}
 d - 5 potions of might
 e - 5 potions of lignification
 g - 3 potions of magic
 k - 3 potions of curing
 n - 5 potions of mutation
 s - a potion of invisibility
 v - 2 potions of resistance
 w - a potion of enlightenment
 z - a potion of berserk rage
 F - 4 potions of heal wounds
 I - 2 potions of ambrosia


   Skills:
 + Level 9.6 Fighting
 + Level 9.4 Long Blades
 + Level 9.6 Armour
 + Level 9.6 Shields


You had 10 spell levels left.
You didn't know any spells.
Your spell library contained the following spells:

 Spells                   Type           Power      Damage    Failure   Level
 Apportation              Tloc           0%         N/A       91%         1
 Magic Dart               Conj           0%         1d3       91%         1
 Ensorcelled Hibernation  Hex/Ice        0%         N/A       97%         2
 Jinxbite                 Hex            0%         N/A       97%         2
 Searing Ray              Conj           0%         2d4       97%         2
 Gell's Gravitas          Tloc           0%         N/A       100%        3
 Hailstorm                Conj/Ice       0%         3d3       100%        3
 Teleport Other           Tloc           0%         N/A       100%        3
 Anguish                  Hex/Necr       0%         N/A       100%        4
 Fulminant Prism          Conj/Hex       0%         3d5       100%        4
 Summon Ice Beast         Ice/Summ       0%         N/A       100%        4
 Alistair's Intoxication  Tmut/Pois      0%         N/A       100%        5
 Dispersal                Tloc           0%         N/A       100%        6
 Simulacrum               Ice/Necr       0%         N/A       100%        6


Dungeon Overview and Level Annotations

Branches:
Dungeon (10/15)            Temple (1/1) D:4         Ossuary (visited)
   Lair: D:8-11         Orc: D:9-12

Altars:
Ashenzari
Cheibriados
Dithmenos
Elyvilon
Fedhas
Hepliaklqana
Kikubaaqudgha
Makhleb
Nemelex Xobeh
Okawaru
Qazlal
Ru
Sif Muna
Trog
Uskayaw
Vehumet
Wu Jian
Xom
Yredelemnul
Zin
The Shining One

Shops:
D:4 [*   D:6 (*

Annotations:
D:9 1 transporter


Message History

Something bites you but does no damage.
You closely miss something. You hit something but do no damage.
You block something's attack. Something barely misses you.
You hit something but do no damage. Something hits you but does no damage.
Something bites you but does no damage.
You miss something. Something completely misses you.
You block something's attack.
You closely miss something. Something hits you but does no damage.
You block something's attack.
You hit something. Something hits you but does no damage. Something bites you.
* * * LOW HITPOINT WARNING * * *
Something draws strength from your injuries!
You closely miss something. Something hits you!
* * * LOW HITPOINT WARNING * * *
Something bites you but does no damage.
You hit something but do no damage. You block something's attack.
Something bites you but does no damage.
You hit something but do no damage. Something hits you.
* * * LOW HITPOINT WARNING * * *
Something bites you but does no damage.
You closely miss something. You block something's attack.
Something bites you but does no damage.
You closely miss something. Something hits you.
* * * LOW HITPOINT WARNING * * *
Something bites you but does no damage.
You barely miss something. You hit something but do no damage.
You block something's attack. Something bites you but does no damage.
You hit something but do no damage. Something hits you but does no damage.
Something bites you but does no damage.
You hit something but do no damage. Something draws life force from you!
* * * LOW HITPOINT WARNING * * *
You hit something.
A vampire appears from thin air!
Reactivating autopickup.
You block the vampire's attack. x2
You hit the vampire.
The vampire is severely damaged.
The vampire draws life force from you!
You die...

#.....#
#.....# #####
#.....# .....
#.....###.....
#.............
#.............
#.............
#..@V.........
##.....#######
#.....'.....#
#.....#.....#
#.....#.....#
#.....# ....#
#.....# ....#
#####.# ...#
#.# ...#


You could see a vampire.

Vanquished Creatures
  A two-headed ogre (D:10)
  The ghost of DoNotCum the Thaumaturge, a novice DECj of Vehumet (D:8)
  Pikel (D:9)
  The ghost of Saladfork the Carver, a novice MeFi (D:7)
  Maurice (D:8)
  2 trolls
  The ghost of wildpjah the Ducker, an amateur DjGl (D:3)
  A hornet (D:9)
  Prince Ribbit (D:8)
  11 yaks (D:9)
  The ghost of Splishie the Ducker, an amateur GnMo (D:3)
  Grum (D:8)
  A steam dragon (D:7)
  Edmund (D:5)
  An acid dragon (D:9)
  An orc warrior (D:5)
  3 ice beasts
  A sky beast (D:8)
  2 wolves (D:8)
  3 centaurs
  4 phantoms
  A lemure (D:9)
  2 kobold brigands
  7 bullfrogs
  A gnoll sergeant (D:4)
  12 scorpions
  A hornet simulacrum (D:7)
  4 wights (D:8)
  22 killer bees
  3 howler monkeys
  2 centaur zombies (Ossuary)
  2 orc priests
  5 human zombies (Ossuary)
  5 jellies
  3 gnoll boudas
  4 hounds
  4 iguanas
  6 orc wizards
  2 scorpion zombies (Ossuary)
  3 mummies (Ossuary)
  A killer bee simulacrum (D:7)
  8 adders
  14 gnolls
  2 white imps (D:7)
  2 worms
  5 dart slugs
  37 orcs
  9 endoplasms
  4 giant cockroaches
  2 gnoll zombies (Ossuary)
  11 goblins
  10 hobgoblins
  4 jackals
  2 quokkas (D:2)
  12 ball pythons
  6 bats (D:2)
  3 frilled lizards
  5 goblin zombies (Ossuary)
  A hobgoblin zombie (Ossuary)
  8 kobolds
  3 orc zombies (Ossuary)
  5 rats
283 creatures vanquished.

Notes
Turn   | Place    | Note
-------+----------+-------------------------------------------
     0 | D:1      | Dittersdorf the Human Fighter began the quest for the Orb.
     0 | D:1      | Reached XP level 1. HP: 18/18 MP: 1/1
    87 | D:1      | Reached XP level 2. HP: 22/24 MP: 2/2
   626 | D:1      | Reached XP level 3. HP: 29/29 MP: 3/3
  1205 | D:2      | Found a burning altar of Makhleb.
  1643 | D:2      | Reached XP level 4. HP: 33/35 MP: 4/4
  2450 | D:3      | Reached XP level 5. HP: 40/42 MP: 5/5
  2596 | D:3      | Found a runed translucent gate.
  2597 | D:3      | Found a runed translucent gate.
  2597 | D:3      | Found a runed translucent gate.
  2608 | D:3      | Noticed Splishie's ghost (amateur GnMo)
  2608 | D:3      | Noticed wildpjah's ghost (amateur DjGl)
  2620 | D:3      | Found a basalt altar of Yredelemnul.
  2620 | D:3      | Found a sparkling altar of Nemelex Xobeh.
  3049 | D:4      | Reached XP level 6. HP: 13/48 MP: 2/6
  3236 | D:4      | Found Cuidgh's General Store.
  3331 | D:4      | Found a white marble altar of Elyvilon.
  3372 | D:4      | Found a staircase to the Ecumenical Temple.
  3432 | Temple   | Entered the Ecumenical Temple
  3612 | D:4      | Found Quhoraux's Armour Shop.
  3854 | D:4      | Bought a potion of heal wounds for 50 gold pieces
  4006 | D:4      | Reached XP level 7. HP: 39/55 MP: 3/7
  4358 | D:5      | Entered Level 5 of the Dungeon
  4363 | D:5      | Found a sand-covered staircase.
  4387 | Ossuary  | Entered an ossuary
  4680 | Ossuary  | Reached skill level 5 in Fighting
  4688 | Ossuary  | Reached skill level 5 in Armour
  4688 | Ossuary  | Reached skill level 5 in Shields
  4697 | Ossuary  | Reached XP level 8. HP: 46/62 MP: 4/8
  5124 | Ossuary  | Reached skill level 5 in Long Blades
  5293 | Ossuary  | Reached XP level 9. HP: 69/69 MP: 9/9
  6461 | D:5      | Noticed Edmund
  6484 | D:5      | Killed Edmund
  7034 | D:6      | Found Uzxor's Antique Weapon Shoppe.
  7037 | D:6      | Found Umnico's Mail-Order Catalogue.
  7606 | D:7      | Identified a scroll of acquirement
  7606 | D:7      | Acquired the amulet "Gopyl" {Acrobat Regen+ rCorr}
  7882 | D:7      | Noticed a troll
  7901 | D:7      | Killed a troll
  7956 | D:7      | Noticed Saladfork's ghost (novice MeFi)
  8083 | D:7      | Found a glowing golden altar of the Shining One.
  8117 | D:7      | Reached XP level 10. HP: 79/79 MP: 10/10
  8152 | D:7      | Found a runed translucent gate.
  8152 | D:7      | Found a runed translucent gate.
  8159 | D:7      | Found a runed translucent gate.
  8924 | D:8      | Noticed Prince Ribbit
  8946 | D:8      | Killed Prince Ribbit
  8950 | D:8      | Noticed Grum
  8979 | D:8      | Killed Grum
  9130 | D:8      | Found a runed translucent door.
  9130 | D:8      | Noticed DoNotCum's ghost (novice DECj)
  9223 | D:8      | Identified the +8 chain mail "Casisar" {Str+3}
  9452 | D:8      | Noticed Maurice
  9469 | D:8      | Something stole 311 gold
  9472 | D:8      | Something stole a ring of magical power
  9475 | D:8      | Something stole 2 throwing nets
  9485 | D:8      | Something stole a +0 long sword
  9488 | D:8      | Something stole 2 gold
  9503 | D:8      | Killed Maurice
 10175 | D:3      | Killed wildpjah's ghost
 10185 | D:3      | Killed Splishie's ghost
 10186 | D:3      | Reached XP level 11. HP: 83/85 MP: 11/11
 10348 | D:8      | Killed DoNotCum's ghost
 10812 | D:9      | Noticed a cyclops
 10826 | D:9      | Found a transporter.
 11258 | D:9      | Noticed Pikel
 11310 | D:9      | Killed Pikel
 11603 | D:9      | Noticed a two-headed ogre
 11603 | D:9      | Noticed a cyclops
 11739 | D:7      | Killed Saladfork's ghost
 11866 | D:7      | Got the ring of Eluff {Fire Int+2 SInv}
 11913 | D:10     | Entered Level 10 of the Dungeon
 11979 | D:10     | Noticed a two-headed ogre
 12005 | D:10     | Killed a two-headed ogre
 12137 | D:10     | HP: 1/90 [something (13)]
 12139 | D:10     | Killed from afar by a vampire

Illustrated notes

Levels and vault maps discovered:
D:1:      sevenhm_arrival_forest_fort_large_4, layout_loops_corners,
          minmay_misc_feat_room, grunt_decor_mini_mirrors
D:2:      minmay_chambers_of_twos, layout_basic, basic_altar,
          minmay_misc_feat_enclosed, kennysheep_another_room, st_stairs_3
D:3:      layout_rooms, nicolae_overflow_two_pavilions,
          gammafunk_ghost_cemetery, chequers_serial_rivers_micro_b
D:4:      minmay_razor_zed, layout_basic,
          mainiacjoe_overflow_concentric_impassable,
          minmay_temple_entry_poolview, serial_shops,
          nicolae_shop_tiny_waterfront, shop, chequers_serial_rivers_large_b,
          nicolae_letterblocks [nicolae_letter_subblock,
          nicolae_letter_subblock, nicolae_letter_subblock,
          nicolae_letter_subblock, nicolae_letter_subblock,
          nicolae_letter_subblock, nicolae_letter_subblock,
          nicolae_letter_subblock, nicolae_letter_subblock,
          nicolae_letter_subblock, nicolae_letter_subblock,
          nicolae_letter_subblock, nicolae_letter_subblock,
          nicolae_letter_subblock, nicolae_letter_subblock,
          nicolae_letter_subblock, nicolae_letter_subblock,
          nicolae_letter_subblock, nicolae_letter_subblock,
          nicolae_letter_subblock, nicolae_letter_subblock,
          nicolae_letter_subblock, nicolae_letter_subblock,
          nicolae_letter_subblock, nicolae_letter_subblock]
D:5:      layout_loops_cross, nicolae_ossuary_entry_monument, uniq_edmund
D:6:      layout_basic, serial_shops, shop_statue, hangedman_decor_peaks_small,
          st_stairs_12, monkooky_shop_mail_order
D:7:      layout_loops_cross, mainiacjoe_overflow_cross_hatched,
          gammafunk_ghost_icy, serial_aquarium, aquarium_bridge_straight
          [aquarium_subvault_bridge, aquarium_subvault_wall,
          aquarium_subvault_bridge, aquarium_subvault_wall], aquarium_window_1,
          aquarium_window_fake, aquarium_window_1, aquarium_window_fake,
          aquarium_view_2g, aquarium_balcony_double_3, aquarium_pool_2
D:8:      layout_loops_ring, hellmonk_ghost_happy_afterlife,
          minmay_fractal_squares_5, uniq_maurice, uniq_grum, uniq_prince_ribbit1
D:9:      gammafunk_the_bubble [the_bubble_gammafunk_plus_minus],
          layout_irregular_city, nicolae_eternal_life, eino_jars, uniq_pikel
D:10:     nicolae_cairo_tiling, layout_irregular_city,
          lemuel_coloured_pillars_altar, mainiacjoe_overflow_paths
Temple:   minmay_temple_bridge_d

Skill      XL: |  1  2  3  4  5  6  7  8  9 10 11 |
---------------+----------------------------------+-----
Long Blades    | 3 4 5 6 8 9 |  9.4
Fighting       | 4 5 6 7 8 9 |  9.6
Armour         | 4 5 6 7 8 9 |  9.6
Shields        | 4 5 6 7 8 9 |  9.6

Action                     |  1- 3 |  4- 6 |  7- 9 | 10-12 || total
---------------------------+-------+-------+-------+-------++-------
  Melee: Long sword        |   143 |    95 |       |       ||   238
         Falchion          |       |   132 |   611 |   862 ||  1605
  Throw: Dart              |       |       |       |     8 ||     8
  Evoke: Wand              |       |       |     3 |    16 ||    19
    Use: Scroll            |       |       |    19 |     7 ||    26
 Armour: Scale mail        |    90 |    80 |       |       ||   170
         Chain mail        |       |    89 |   477 |   448 ||  1014
  Dodge: Dodged            |    75 |   107 |   423 |   413 ||  1018
  Block: Buckler           |    28 |    50 |   139 |       ||   217
         Kite shield       |       |       |   126 |   402 ||   528

Table legend: (Time is in decaauts)
 A = Elapsed time spent in this place.
 B = Non-inter-level travel time spent in this place.
 C = Inter-level travel time spent in this place.
 D = Time resting spent in this place.
 E = Time spent auto-exploring this place.
 F = Levels seen in this place.
 G = Mean time per level.
                   A        B        C        D        E       F      G
               +--------+--------+--------+--------+--------+-----+--------+
         Total |  12320 |  11528 |    792 |   1807 |   6514 |  12 | 1026.7 |
       Dungeon |  11325 |  10533 |    792 |   1351 |   6396 |  10 | 1132.5 |
        Temple |      1 |      1 |      0 |      0 |      0 |   1 |    1.0 |
       Ossuary |    993 |    993 |      0 |    456 |    118 |   1 |  993.0 |
               +--------+--------+--------+--------+--------+-----+--------+

Top non-repeatable levels by time:
     D:4: 1995 daAuts
     D:7: 1475 daAuts
     D:8: 1306 daAuts
     D:2: 1271 daAuts
     D:5: 1148 daAuts
     D:9: 1147 daAuts
     D:1: 1095 daAuts
     D:6: 1034 daAuts
 Ossuary: 993 daAuts
     D:3: 635 daAuts
    D:10: 215 daAuts
  Temple: 1 daAuts
